General information
- name: BNet
- type: Ladder team game (AT/RT)
- host: Battle.net
- saver: ChurchOfBatman
map: Battleground
- players: 8
- length: 35:26
- speed: Fast
- version: 1.26 W3XP
- replay type: Public
» download(200 KB)
Players
team 1 (loser)
patschn (
red | 34 APM | 1039 actions | 30:28)
6 Mountain King
3 Storm Bolt
1 Thunder Clap
1 Bash
1 Avatar
» actions
| Build / train | 82 | |
| Enter build submenu | 21 | |
| Enter hero's abilities submenu | 6 | |
| Give item / drop item | 6 | |
| Remove unit from queue | 3 | |
| Right click | 391 | |
| Select / deselect | 460 | |
| Use ability | 70 | |
1039 total
» units
» upgrades
| Gunpowder | 2 | |
| Armor | 2 | |
| Masonry | 2 | |
| Lumber Harvesting | 1 | |
| Long Rifles | 1 | |
8 total
» buildings
| Farm | 7 | |
| Scout Tower | 2 | |
| Arcane Tower | 2 | |
| Altar of Kings | 1 | |
| Arcane Vault | 1 | |
| Blacksmith | 1 | |
| Lumber Mill | 2 | |
| Barracks | 3 | |
| Town Hall | 1 | |
| Keep | 1 | |
21 total
» build order
00:48 Farm
00:52 Scout Tower
01:08 Farm
01:20 Arcane Tower
01:24 Altar of Kings
01:48 Farm
01:55 Arcane Vault
02:15 Farm
02:24 Blacksmith
02:34 Lumber Mill
02:51 Barracks
03:01 Barracks
04:04 Farm
04:13 Barracks
04:24 Farm
04:41 Farm
07:39 Town Hall
08:42 Scout Tower
09:22 Arcane Tower
10:34 Lumber Mill
10:35 Keep
» items
| Lesser Clarity Potion | 4 | |
| Scroll of Regeneration | 2 | |
| Potion of Healing | 2 | |
| Scroll of Town Portal | 2 | |
| Healing Salve | 1 | |
| Scroll of Healing | 1 | |
| Orb of Lightning | 1 | |
| Staff of Teleportation | 1 | |
14 total
ChurchOfBatman (
purple | 40 APM | 1410 actions | 35:26)
7 Blademaster
3 Wind Walk
3 Critical Strike
1 Bladestorm
» actions
| Assign group hotkey | 63 | |
| Basic commands | 70 | |
| Build / train | 56 | |
| Enter build submenu | 49 | |
| Enter hero's abilities submenu | 7 | |
| Give item / drop item | 8 | |
| Remove unit from queue | 1 | |
| Right click | 517 | |
| Select / deselect | 319 | |
| Select group hotkey | 204 | |
| Use ability | 116 | |
1410 total
» units
| Peon | 17 | |
| Grunt | 4 | |
| Troll Batrider | 2 | |
| Wind Rider | 4 | |
27 total
» upgrades
| Reinforced Defenses | 1 | |
| Ranged Weapons | 3 | |
| Armor | 3 | |
| Envenomed Spears | 1 | |
8 total
» buildings
| Orc Burrow | 4 | |
| Altar of Storms | 2 | |
| Barracks | 4 | |
| Voodoo Lounge | 1 | |
| Stronghold | 1 | |
| War Mill | 2 | |
| Beastiary | 4 | |
| Great Hall | 2 | |
| Watch Tower | 26 | |
| Fortress | 1 | |
47 total
» build order
00:15 Orc Burrow
00:52 Altar of Storms
00:53 Barracks
00:59 Orc Burrow
01:07 Altar of Storms
01:09 Barracks
02:05 Voodoo Lounge
02:58 Stronghold
03:55 War Mill
04:13 Orc Burrow
05:23 Beastiary
05:23 Beastiary
05:28 Orc Burrow
08:52 Great Hall
08:55 Watch Tower
08:55 Watch Tower
08:55 Watch Tower
08:56 Watch Tower
09:27 Watch Tower
09:29 Watch Tower
09:30 Watch Tower
09:33 Watch Tower
10:50 Beastiary
10:51 Beastiary
10:54 Fortress
12:44 Watch Tower
12:45 Watch Tower
12:46 Watch Tower
12:46 Watch Tower
12:50 Watch Tower
12:52 Watch Tower
12:53 Watch Tower
12:59 Watch Tower
13:58 War Mill
15:47 Watch Tower
15:48 Watch Tower
15:54 Watch Tower
15:55 Watch Tower
16:04 Watch Tower
16:07 Watch Tower
17:29 Great Hall
25:17 Barracks
25:18 Barracks
28:52 Watch Tower
28:53 Watch Tower
28:54 Watch Tower
28:54 Watch Tower
» items
| Healing Salve | 6 | |
| Staff of Teleportation | 1 | |
| Scroll of Town Portal | 1 | |
| Orb of Lightning | 1 | |
| Periapt of Vitality | 1 | |
10 total
liSHreborn (
yellow | 45 APM | 1386 actions | 30:39)
5 Blademaster
3 Wind Walk
2 Critical Strike
» actions
| Basic commands | 2 | |
| Build / train | 85 | |
| ESC pressed | 5 | |
| Enter build submenu | 40 | |
| Enter hero's abilities submenu | 5 | |
| Right click | 612 | |
| Select / deselect | 381 | |
| Use ability | 256 | |
1386 total
» units
» upgrades
| Ranged Weapons | 3 | |
| Armor | 2 | |
| Liquid Fire | 1 | |
| Envenomed Spears | 1 | |
| Reinforced Defenses | 1 | |
8 total
» buildings
| Altar of Storms | 1 | |
| Orc Burrow | 7 | |
| Voodoo Lounge | 1 | |
| War Mill | 1 | |
| Stronghold | 3 | |
| Watch Tower | 22 | |
| Beastiary | 3 | |
| Fortress | 1 | |
39 total
» build order
00:21 Altar of Storms
00:37 Orc Burrow
00:51 Voodoo Lounge
01:07 War Mill
02:43 Stronghold
02:44 Stronghold
02:46 Orc Burrow
03:35 Watch Tower
03:36 Watch Tower
03:56 Watch Tower
04:11 Orc Burrow
04:32 Watch Tower
05:06 Beastiary
05:07 Fortress
05:12 Beastiary
05:14 Beastiary
05:19 Orc Burrow
07:50 Orc Burrow
10:14 Orc Burrow
12:49 Orc Burrow
14:45 Watch Tower
14:46 Watch Tower
14:51 Watch Tower
15:50 Watch Tower
15:55 Watch Tower
24:03 Watch Tower
24:04 Watch Tower
24:15 Watch Tower
24:29 Watch Tower
24:47 Watch Tower
25:13 Watch Tower
25:15 Watch Tower
25:30 Watch Tower
25:46 Watch Tower
26:13 Watch Tower
26:19 Watch Tower
26:35 Watch Tower
27:19 Watch Tower
» items
| Healing Salve | 2 | |
| Lesser Clarity Potion | 6 | |
| Staff of Teleportation | 1 | |
| Boots of Speed | 1 | |
| Orb of Lightning | 1 | |
| Tiny Great Hall | 1 | |
| Dust of Appearance | 1 | |
13 total
1HERO (
orange | 37 APM | 1134 actions | 30:43)
5 Blademaster
3 Wind Walk
2 Critical Strike
» actions
| Basic commands | 1 | |
| Build / train | 49 | |
| Enter build submenu | 5 | |
| Enter hero's abilities submenu | 5 | |
| Give item / drop item | 12 | |
| Right click | 660 | |
| Select / deselect | 306 | |
| Use ability | 96 | |
1134 total
» units
» upgrades
» buildings
| Altar of Storms | 1 | |
| Orc Burrow | 2 | |
| Voodoo Lounge | 1 | |
| Stronghold | 1 | |
| Fortress | 1 | |
| War Mill | 1 | |
7 total
» build order
00:12 Altar of Storms
00:15 Orc Burrow
00:28 Voodoo Lounge
02:05 Stronghold
04:43 Fortress
26:48 War Mill
26:51 Orc Burrow
» items
| Healing Salve | 3 | |
| Lesser Clarity Potion | 3 | |
| Scroll of Speed | 1 | |
| Boots of Speed | 1 | |
| Circlet of Nobility | 2 | |
| Potion of Healing | 9 | |
| Potion of Mana | 3 | |
| Orb of Lightning | 1 | |
| Scroll of Town Portal | 1 | |
| Tiny Great Hall | 2 | |
| Potion of Lesser Invulnerability | 1 | |
27 total
team 2 (winner)

»
pattier (
teal | 44 APM | 1534 actions | 35:05)
4 Keeper of the Grove
2 Force of Nature
1 Thorns Aura
1 Entangling Roots
1 Blademaster
1 Critical Strike
» actions
| Assign group hotkey | 17 | |
| Basic commands | 4 | |
| Build / train | 87 | |
| Enter build submenu | 33 | |
| Enter hero's abilities submenu | 5 | |
| Give item / drop item | 1 | |
| Right click | 738 | |
| Select / deselect | 290 | |
| Select group hotkey | 269 | |
| Use ability | 90 | |
1534 total
» units
| Wisp | 10 | |
| Huntress | 8 | |
| Peon | 25 | |
| Grunt | 9 | |
52 total
» upgrades
| Strength of the Moon | 1 | |
| Spiked Barricades | 1 | |
| Moon Armor | 1 | |
| Ultravision | 1 | |
| Strength of the Wild | 1 | |
| Reinforced Hides | 1 | |
| Berserker Strength | 1 | |
| Melee Weapons | 1 | |
| Pillage | 1 | |
| Armor | 1 | |
10 total
» buildings
| Altar of Elders | 1 | |
| Moon Well | 4 | |
| Hunter's Hall | 1 | |
| Ancient of War | 2 | |
| Ancient Protector | 3 | |
| Tree of Ages | 1 | |
| Watch Tower | 1 | |
| Voodoo Lounge | 4 | |
| Orc Burrow | 10 | |
| Great Hall | 1 | |
| Fortress | 2 | |
| Barracks | 1 | |
| Altar of Storms | 1 | |
| Stronghold | 1 | |
| Spirit Lodge | 1 | |
34 total
» build order
00:30 Altar of Elders
00:39 Moon Well
01:50 Hunter's Hall
01:55 Ancient of War
02:02 Ancient of War
02:17 Moon Well
02:57 Ancient Protector
04:29 Moon Well
04:39 Moon Well
05:30 Ancient Protector
07:12 Tree of Ages
07:22 Ancient Protector
09:38 Watch Tower
10:05 Voodoo Lounge
10:54 Orc Burrow
13:22 Orc Burrow
15:14 Orc Burrow
15:46 Orc Burrow
16:05 Great Hall
16:13 Orc Burrow
16:16 Orc Burrow
17:25 Orc Burrow
18:09 Orc Burrow
18:27 Voodoo Lounge
18:33 Fortress
19:43 Voodoo Lounge
20:20 Barracks
21:57 Altar of Storms
23:12 Stronghold
23:54 Voodoo Lounge
25:33 Orc Burrow
25:37 Fortress
27:43 Orc Burrow
29:45 Spirit Lodge
» items
| Periapt of Vitality | 2 | |
| Circlet of Nobility | 1 | |
| Lesser Clarity Potion | 4 | |
| Potion of Healing | 1 | |
| Healing Salve | 3 | |
| Orb of Lightning | 1 | |
| Potion of Mana | 2 | |
14 total
GUARDIAN-4-EVER (
green | 60 APM | 2113 actions | 35:26)
7 Blademaster
3 Wind Walk
3 Critical Strike
1 Bladestorm
2 Shadow Hunter
2 Hex
» actions
| Assign group hotkey | 43 | |
| Basic commands | 32 | |
| Build / train | 75 | |
| Enter build submenu | 23 | |
| Enter hero's abilities submenu | 9 | |
| Give item / drop item | 1 | |
| Right click | 873 | |
| Select / deselect | 195 | |
| Select group hotkey | 688 | |
| Use ability | 174 | |
2113 total
» units
» upgrades
| Reinforced Defenses | 1 | |
| Liquid Fire | 1 | |
2 total
» buildings
| Altar of Storms | 1 | |
| Orc Burrow | 6 | |
| Voodoo Lounge | 1 | |
| War Mill | 2 | |
| Stronghold | 5 | |
| Watch Tower | 25 | |
| Fortress | 2 | |
| Beastiary | 3 | |
45 total
» build order
00:15 Altar of Storms
00:27 Orc Burrow
00:58 Voodoo Lounge
01:34 War Mill
02:15 Stronghold
02:52 Watch Tower
02:58 Watch Tower
03:27 Watch Tower
04:01 Watch Tower
04:21 Watch Tower
04:22 Watch Tower
04:45 Orc Burrow
04:55 Watch Tower
04:56 Watch Tower
04:56 Watch Tower
04:56 Watch Tower
04:59 Stronghold
04:59 Stronghold
05:00 Stronghold
05:31 Fortress
05:39 Orc Burrow
06:59 Beastiary
07:02 Beastiary
07:14 Orc Burrow
07:37 Beastiary
07:41 Orc Burrow
07:49 Orc Burrow
09:12 Watch Tower
09:13 Watch Tower
09:14 Watch Tower
10:57 Watch Tower
10:58 Watch Tower
11:28 Watch Tower
11:28 Watch Tower
11:29 Watch Tower
11:30 Watch Tower
12:31 Watch Tower
12:31 Watch Tower
12:31 Watch Tower
12:32 Watch Tower
14:44 Watch Tower
14:45 Watch Tower
16:03 War Mill
» items
| Healing Salve | 3 | |
| Staff of Teleportation | 1 | |
| Dust of Appearance | 2 | |
| Lesser Clarity Potion | 3 | |
| Orb of Lightning | 1 | |
| Boots of Speed | 1 | |
| Potion of Mana | 2 | |
| Scroll of Town Portal | 2 | |
15 total
Victorytheft (
blue | 98 APM | 3472 actions | 35:26)
8 Mountain King
3 Storm Bolt
3 Bash
1 Avatar
1 Thunder Clap
» actions
| Assign group hotkey | 109 | |
| Basic commands | 101 | |
| Build / train | 189 | |
| ESC pressed | 14 | |
| Enter build submenu | 58 | |
| Enter hero's abilities submenu | 8 | |
| Give item / drop item | 19 | |
| Right click | 1391 | |
| Select / deselect | 408 | |
| Select group hotkey | 932 | |
| Use ability | 243 | |
3472 total
» units
| Peasant | 16 | |
| Footman | 5 | |
| Dragonhawk Rider | 3 | |
| Gryphon Rider | 11 | |
35 total
» upgrades
| Swords | 4 | |
| Masonry | 3 | |
| Armor | 3 | |
| Animal War Training | 1 | |
| Storm Hammers | 3 | |
| Backpack | 1 | |
| Cloud | 1 | |
16 total
» buildings
| Altar of Kings | 2 | |
| Barracks | 1 | |
| Farm | 7 | |
| Arcane Vault | 1 | |
| Scout Tower | 29 | |
| Lumber Mill | 1 | |
| Arcane Tower | 12 | |
| Guard Tower | 50 | |
| Keep | 1 | |
| Blacksmith | 1 | |
| Watch Tower | 5 | |
| Castle | 3 | |
| Gryphon Aviary | 2 | |
| Town Hall | 3 | |
118 total
» build order
00:39 Altar of Kings
00:41 Barracks
00:45 Altar of Kings
00:51 Farm
01:06 Farm
01:43 Farm
02:04 Arcane Vault
02:14 Scout Tower
02:39 Lumber Mill
02:48 Arcane Tower
02:59 Scout Tower
03:25 Scout Tower
03:33 Arcane Tower
03:33 Arcane Tower
03:33 Arcane Tower
03:38 Scout Tower
04:00 Guard Tower
04:00 Guard Tower
04:11 Guard Tower
04:11 Guard Tower
04:12 Guard Tower
04:29 Keep
04:50 Blacksmith
05:25 Watch Tower
06:11 Watch Tower
06:12 Watch Tower
06:14 Watch Tower
06:29 Watch Tower
08:00 Castle
08:01 Castle
08:10 Gryphon Aviary
08:10 Gryphon Aviary
10:09 Scout Tower
10:12 Scout Tower
10:14 Scout Tower
11:22 Guard Tower
11:22 Guard Tower
11:24 Guard Tower
11:24 Guard Tower
11:25 Guard Tower
11:28 Scout Tower
11:36 Scout Tower
11:38 Scout Tower
12:10 Guard Tower
12:11 Guard Tower
12:16 Guard Tower
12:17 Guard Tower
12:45 Guard Tower
12:45 Guard Tower
12:47 Guard Tower
16:07 Farm
16:08 Farm
16:09 Farm
18:54 Town Hall
18:55 Scout Tower
18:57 Scout Tower
18:59 Scout Tower
19:01 Scout Tower
19:25 Arcane Tower
19:25 Arcane Tower
19:26 Arcane Tower
19:27 Arcane Tower
20:01 Farm
20:42 Guard Tower
20:45 Scout Tower
20:45 Scout Tower
20:46 Scout Tower
22:46 Guard Tower
29:41 Town Hall
29:42 Scout Tower
29:43 Scout Tower
29:44 Scout Tower
29:46 Scout Tower
30:42 Arcane Tower
30:43 Arcane Tower
30:43 Guard Tower
30:44 Guard Tower
30:44 Guard Tower
30:45 Town Hall
31:32 Scout Tower
31:33 Scout Tower
31:34 Scout Tower
31:35 Scout Tower
32:12 Guard Tower
32:13 Guard Tower
32:13 Guard Tower
32:13 Guard Tower
32:27 Scout Tower
32:28 Scout Tower
32:29 Scout Tower
32:30 Scout Tower
33:00 Guard Tower
33:00 Guard Tower
33:00 Guard Tower
33:01 Guard Tower
33:01 Guard Tower
33:02 Guard Tower
33:02 Guard Tower
33:02 Guard Tower
33:43 Guard Tower
33:44 Guard Tower
» items
| Scroll of Regeneration | 8 | |
| Lesser Clarity Potion | 11 | |
| Potion of Healing | 6 | |
| Scroll of Town Portal | 5 | |
| Healing Salve | 1 | |
| Orb of Lightning | 1 | |
| Boots of Speed | 1 | |
| Dust of Appearance | 2 | |
| Potion of Lesser Invulnerability | 1 | |
| Potion of Mana | 3 | |
| Staff of Sanctuary | 1 | |
40 total

»
hisyory (
pink | 51 APM | 211 actions | 04:07)
1 Blademaster
1 Wind Walk
» actions
| Assign group hotkey | 15 | |
| Build / train | 12 | |
| Enter build submenu | 7 | |
| Enter hero's abilities submenu | 1 | |
| Right click | 91 | |
| Select / deselect | 60 | |
| Select group hotkey | 12 | |
| Use ability | 13 | |
211 total
» units
» buildings
| Orc Burrow | 2 | |
| Altar of Storms | 1 | |
| War Mill | 1 | |
| Barracks | 1 | |
| Watch Tower | 1 | |
6 total
» build order
00:08 Orc Burrow
00:33 Altar of Storms
01:09 War Mill
01:15 Barracks
02:05 Orc Burrow
02:26 Watch Tower
Chat log
(00:08 / All) Victorytheft: nice loadhack
(00:08 / All) ChurchOfBatman: cool loadhack
(00:16 / All) liSHreborn: fag loadhack
(00:33 / Allies) liSHreborn: 4 bms?
(00:34 / All) Victorytheft: no doubt he's a mher too
(00:45 / Allies) liSHreborn: purp oj red
(00:46 / Allies) liSHreborn: bm bm bm
(00:57 / Allies) 1HERO: stfu about the load hack
(00:59 / Allies) 1HERO: my internet sucks
(01:01 / Allies) 1HERO: dumbfuick
(01:02 / Allies) 1HERO: fuck
(01:04 / Allies) liSHreborn: oops my bad
(01:17 / All) liSHreborn: he wasnt load hacking shut ur fucking mouth
(01:26 / All) Victorytheft: lol
(01:27 / All) GUARDIAN-4-EVER: proof
(01:28 / All) ChurchOfBatman: yeah sure
(01:29 / All) ChurchOfBatman: LOL
(01:31 / All) Victorytheft: that or his computer was made in 1998
(01:32 / All) ChurchOfBatman: "his internet sucks"
(01:34 / All) liSHreborn: proof?
(01:36 / All) ChurchOfBatman: has nothing to do with load
(01:38 / All) liSHreborn: his internet is slow
(01:43 / All) GUARDIAN-4-EVER: where proof
(01:45 / All) ChurchOfBatman: that doesn't effect load
(01:50 / All) GUARDIAN-4-EVER: how come the sheep hasnt said anything
(01:51 / All) liSHreborn: proof is in your moms anus
(01:53 / All) ChurchOfBatman: he eitherr has ghetto emachines
(01:55 / All) ChurchOfBatman: or he's a liar
(02:43 / Allies) ChurchOfBatman: I'm creeping
(02:54 / Allies) liSHreborn: tower
(02:55 / Allies) liSHreborn: tower
(03:02 / All) liSHreborn: LOL MH
(03:03 / All) liSHreborn: PINK
(03:07 / All) liSHreborn: HAD A BURROW BEFORE WE CAME
(03:28 / Allies) liSHreborn: burrow
(03:30 / Allies) liSHreborn: burrow
(03:35 / All) GUARDIAN-4-EVER: REPAIR PINK
(03:42 / Allies) liSHreborn: burrow
(03:43 / Allies) liSHreborn: burrow
(03:44 / Allies) liSHreborn: burrow
(03:51 / All) Victorytheft: REPAIR IDIOT
(04:01 / All) liSHreborn: PINK CLAIMS MH
(04:03 / All) liSHreborn: AND HE MH
(04:06 / All) liSHreborn: YOU WILL GO DOWN FAGGOT
(04:06 / All) GUARDIAN-4-EVER: pink jesus
(04:10 / All) GUARDIAN-4-EVER: i got ur bakc pink
(04:10 / All) GUARDIAN-4-EVER: WOW
(04:29 / Allies) 1HERO: harass him again?
(04:35 / Allies) liSHreborn: yea pink hacks
(04:35 / All) GUARDIAN-4-EVER: i fucking killed a bm and he still left
(04:48 / All) liSHreborn: HE HACKS
(04:50 / All) liSHreborn: NO WORRIES
(04:58 / All) liSHreborn: on tk list
(06:00 / Allies) liSHreborn: KEEPER
(06:36 / Allies) liSHreborn: go back
(06:38 / Allies) liSHreborn: team is chilling
(06:39 / Allies) liSHreborn: we can gg it
(06:56 / All) ChurchOfBatman: these fucking priests really fucked me on this creep
(07:00 / Allies) 1HERO: go red...
(07:05 / Allies) 1HERO: go
(07:13 / Allies) liSHreborn: NOW
(07:38 / Allies) ChurchOfBatman: lumbeR?
(07:57 / Allies) liSHreborn: RED
(07:58 / Allies) liSHreborn: FUCK
(08:00 / Allies) 1HERO: ok I need to refill mana
(08:36 / Allies) 1HERO: QUIT CREEPING
(08:37 / Allies) 1HERO: red
(08:41 / All) Victorytheft: raped took your helm
(08:53 / All) Victorytheft: LOL!!!
(08:59 / All) liSHreborn: Blue u mh to?
(09:02 / All) liSHreborn: no worries tk list more
(09:03 / All) Victorytheft: no
(09:09 / All) liSHreborn: stole his item
(09:12 / All) Victorytheft: ez bolt
(09:17 / Allies) liSHreborn: LUMBER ME
(09:35 / Allies) ChurchOfBatman: I need lumbers
(10:10 / Allies) liSHreborn: im hitting with bats
(11:01 / Allies) liSHreborn: TEALS BASE IS GONE
(11:02 / Allies) liSHreborn: WATCH
(11:11 / Allies) liSHreborn: RED I WILL AVVENGE U
(11:17 / All) liSHreborn: TEAL U DONE WRONG
(15:33 / All) Victorytheft: raped
(15:37 / Allies) patschn: gold purple
(15:47 / All) Victorytheft: eat my shit
(15:50 / Allies) ChurchOfBatman: lumber
(16:22 / Allies) ChurchOfBatman: lumbers please
(16:51 / Allies) liSHreborn: U GUYS FUCKING SUCK
(17:08 / All) Victorytheft: god you clowns suck lmfao
(17:13 / All) Victorytheft: instakilled a noob on our tema
(17:15 / All) Victorytheft: team
(17:15 / All) liSHreborn: PURPLE
(17:17 / All) Victorytheft: but your whole team is noob
(17:18 / All) liSHreborn: FUCKING SUCKS
(17:24 / All) GUARDIAN-4-EVER: yellow is the worst one wow
(17:25 / All) Victorytheft: still better than you retard
(17:32 / All) Victorytheft: yellow, you are the worst player lol
(17:39 / All) liSHreborn: sure check score
(17:47 / All) Victorytheft: I will and we'll all be above you LOL
(17:59 / All) GUARDIAN-4-EVER: bat newbie
(18:06 / Allies) 1HERO: wow red.
(18:10 / All) liSHreborn: contradictory
(18:12 / All) liSHreborn: u made it too
(18:30 / All) GUARDIAN-4-EVER: i did it better
(18:46 / All) liSHreborn: u sucked my dick better
(18:47 / All) Victorytheft: green is a million times better than you shitstain
(18:53 / All) liSHreborn: stfu
(18:55 / All) liSHreborn: u fucking noob
(19:02 / All) ChurchOfBatman: I wish I didn't have yellow on my team
(19:03 / All) ChurchOfBatman: he sucks
(19:06 / All) Victorytheft: lick my dick
(19:19 / All) liSHreborn: pourple has 10 k
(19:26 / All) ChurchOfBatman: I got 6k newbie
(19:29 / All) liSHreborn: stfu
(19:34 / All) Victorytheft: you realise this was a 3v4 on our end anyway?
(19:38 / All) Victorytheft: if purp is doign nothing
(19:40 / All) Victorytheft: all that means
(19:41 / All) liSHreborn: 3vs2
(19:43 / All) Victorytheft: is you were equal
(19:43 / All) liSHreborn: me n red
(19:45 / All) Victorytheft: and couldn't beat us
(19:48 / All) Victorytheft: since you suck cock
(19:57 / All) liSHreborn: virgin shield keeps blocking u
(19:59 / All) liSHreborn: fucking fago
(20:13 / All) Victorytheft: that all you got? lol
(20:55 / All) liSHreborn: says we lost
(20:57 / All) liSHreborn: such a fucking scrub
(21:05 / All) liSHreborn: hate when noobs talk shit and theyre virgins
(21:07 / Allies) 1HERO: wtf is purp doing
(22:13 / All) Victorytheft: LOL
(22:20 / All) Victorytheft: fucking clown hahaha
(23:09 / Allies) liSHreborn: lumver me fast
(23:11 / Allies) liSHreborn: lumber
(24:10 / All) GUARDIAN-4-EVER: grunts
(24:19 / Allies) liSHreborn: 10 k
(24:22 / Allies) liSHreborn: never seen in that in my life
(24:33 / Allies) ChurchOfBatman: are you new
(24:49 / All) Victorytheft: ez sons
(24:49 / All) GUARDIAN-4-EVER: bad red
(24:53 / Allies) patschn: gold for hero fast
(25:42 / Allies) patschn: gold for hero
(27:00 / Allies) liSHreborn: purple
(27:05 / Allies) liSHreborn: gold and lumber please
(28:01 / All) Victorytheft: pure rape
(28:06 / Allies) ChurchOfBatman: God you're horrible yellow
(28:27 / All) ChurchOfBatman: wish my team weren't such newbies
(28:35 / All) 1HERO: well fuck u retard
(28:36 / All) Victorytheft: yeah you had scrubs like yellow lol
(28:37 / All) Victorytheft: it happens
(28:38 / All) 1HERO: ur not helping yellow
(28:43 / All) GUARDIAN-4-EVER: yellow was such a baddie
(28:48 / All) patschn: you are the biggest fuck up yourself
(28:49 / All) liSHreborn: orange
(28:52 / All) liSHreborn: these guys are gay orgie friends
(28:54 / All) liSHreborn: no worries
(28:54 / Allies) 1HERO: I think that green/purp are friends
(28:55 / All) Victorytheft: there's a reason yellow is 22-24
(28:57 / All) liSHreborn: in real life theyre virgins
(29:02 / Allies) 1HERO: and purp is not doing anything
(29:03 / All) Victorytheft: lol
(29:05 / Allies) 1HERO: on purpose
(29:05 / All) ChurchOfBatman: O.O HOW DID YOU KNOW
(29:06 / All) liSHreborn: fucking noob
(29:07 / All) Victorytheft: if it makes you feel better saying so lol
(29:08 / All) liSHreborn: watch ur ip
(29:19 / Allies) 1HERO: yup
(29:24 / Allies) 1HERO: green and purp r friends
(29:28 / Allies) 1HERO: purp pinged me earlier
(29:31 / All) ChurchOfBatman: You've been peeping behind bushes and under hte chimney, and lsitening udner doors
(29:35 / All) ChurchOfBatman: or you couldn't have known it!
(29:48 / Allies) 1HERO: u know what I'm bsing purp
(29:53 / Allies) ChurchOfBatman: PLEASE NO
(30:02 / All) ChurchOfBatman: PLEASE NO
(30:04 / All) ChurchOfBatman: STOP
(30:14 / All) ChurchOfBatman: PLEASE
(30:15 / All) ChurchOfBatman: NO BS
(30:45 / All) ChurchOfBatman: nvm
(30:46 / All) ChurchOfBatman: lol
(30:55 / All) ChurchOfBatman: leave teal
(31:09 / All) ChurchOfBatman: leave teal or you gotta lose
(31:16 / All) Victorytheft: Teal
(31:19 / All) Victorytheft: Leave and you get a tie
(31:21 / All) Victorytheft: stay and you get a loss
(31:58 / All) ChurchOfBatman: he might be ranked top 100 lol
(32:27 / All) ChurchOfBatman: Orange is a gimmick and he sucks
(32:31 / All) ChurchOfBatman: "1 hero"
(32:33 / All) ChurchOfBatman: 0-4 LOL
(32:52 / All) ChurchOfBatman: he sucks so bad
(35:09 / All) Victorytheft: woot
(35:12 / All) Victorytheft: your team loses
(35:13 / All) ChurchOfBatman: my team lose I think
(35:17 / All) ChurchOfBatman: what did he mean "wathc your ip"
(35:22 / All) ChurchOfBatman: HE'S GONNMA HACK ME!!!!111